 Dungeon Crawl Stone Soup version 0.31-a0-836-g3ceb0a68c4 (console) character file.

Game seed: 12616026661262154993

1485931 questionabletactics the Acrobat (level 25, 238/238 HPs)
             Began as a Demigod Air Elementalist on Sept 26, 2023.
             Escaped with the Orb
             ... and 3 runes!
             The game lasted 04:35:23 (91032 turns).

questionabletactics the Acrobat (DgAE)             Turns: 91032, Time: 04:35:23

Health: 238/238    AC: 38    Str: 18    XL:     25   Next: 38%
Magic:  42/42      EV: 35    Int: 34    God:
Gold:   5855       SH: 23    Dex: 36    Spells: 11/44 levels left

rFire   + + .        a - +3 double sword (vamp)
rCold   + + .        R - +5 kite shield {rPois}
rNeg    . . .        U - +6 ice dragon scales "Beommasi" {rF- rC++ Int+4}
rPois   +            M - +2 hood of the Assassin {Detect Stab+ Stlth++}
rElec   .            h - +2 cloak {rCorr}
rCorr   +            Z - +2 pair of gloves {hurl}
SInv    .            X - +2 pair of boots
Will    +++++        I - amulet of Trepidation {RegenMP Drain rF++ Will+++ Dex-2}
Stlth   ++           P - ring "Litaatt" {rCorr Str+5 Dex+6}
HPRegen 0.59/turn    H - ring of Qomeadus {rF+ AC+4 Int+5}
MPRegen 0.68/turn

%: no passive effects
@: hasted, studying 2 skills, very quick
A: high MP 1, forlorn, divine attributes, clumsy 1, MP-powered wands
0: Orb of Zot
}: 3/15 runes: serpentine, barnacled, silver
a: no special abilities


You escaped.
You visited 11 branches of the dungeon, and saw 51 of its levels.
You also visited: Ossuary, Bailey and Ice Cave.

You collected 8688 gold pieces.
You spent 2833 gold pieces at shops.

Inventory:

Hand Weapons
 a - a +3 vampiric double sword (weapon)
 b - the +11 Singing Sword {sonic wave}
   (You found it on level 12 of the Dungeon)
Missiles
 g - 10 curare-tipped darts
 s - 4 throwing nets
Armour
 h - a +2 cloak of preservation (worn)
 z - the +5 fire dragon scales "Xaexkom" {rF++ rC- rCorr}
   (You took it off a deep elf blademaster on level 3 of the Elven Halls)

   rF++:      It greatly protects you from fire.
   rC-:       It makes you vulnerable to cold.
   rCorr:     It protects you from acid and corrosion.
 C - a +2 kite shield of cold resistance
 M - the +2 hood of the Assassin (worn) {Detect Stab+ Stlth++}
   (You bought it in a shop on level 5 of the Vaults)

   Detect:    It allows the wearer to sense nearby creatures.
   Stab+:     It allows the wearer to make particularly effective stabbing
   attacks against helpless or unaware enemies with any weapon.
   Stlth++:   It makes you much more stealthy.
 R - a +5 kite shield of poison resistance (worn)
 U - the +6 ice dragon scales "Beommasi" (worn) {rF- rC++ Int+4}
   (You took it off a deep elf blademaster on level 3 of the Elven Halls)

   Int+4:     It affects your intelligence (+4).
   rF-:       It makes you vulnerable to fire.
   rC++:      It greatly protects you from cold.
 X - a +2 pair of boots (worn)
 Z - a +2 pair of gloves of hurling (worn)
Magical Staves
 W - a staff of air
Jewellery
 j - an amulet of reflection
 v - the ring of Dauc Asu {rF+ rN+ rCorr}
   (You took it off a vampire knight on level 2 of the Depths)

   [ring of positive energy]

   rF+:       It protects you from fire.
   rN+:       It protects you from negative energy.
   rCorr:     It protects you from acid and corrosion.
 y - the ring "Rynysk Baqo" {rElec rN+ rCorr Dex-4 SInv}
   (You found it in an ice cave)

   [ring of resist corrosion]

   Dex-4:     It affects your dexterity (-4).
   rElec:     It insulates you from electricity.
   rN+:       It protects you from negative energy.
   SInv:      It lets you see invisible.
   rCorr:     It protects you from acid and corrosion.
 G - a +6 ring of dexterity
 H - the ring of Qomeadus (right hand) {rF+ AC+4 Int+5}
   (You found it on level 2 of the Vaults)

   [ring of protection]

   AC+4:      It affects your AC (+4).
   Int+5:     It affects your intelligence (+5).
   rF+:       It protects you from fire.
 I - the amulet of Trepidation (around neck) {RegenMP Drain rF++ Will+++ Dex-2}
   (You found it on level 2 of the Snake Pit)

   [amulet of magic regeneration]

   RegenMP:   It increases your rate of magic regeneration.
   Dex-2:     It affects your dexterity (-2).
   rF++:      It greatly protects you from fire.
   Will+++:   It greatly increases your willpower.
   Drain:     It drains your maximum health when unequipped.
 P - the ring "Litaatt" (left hand) {rCorr Str+5 Dex+6}
   (You took it off an ironbound preserver on level 5 of the Vaults)

   [ring of dexterity]

   Str+5:     It affects your strength (+5).
   Dex+6:     It affects your dexterity (+6).
   rCorr:     It protects you from acid and corrosion.
 T - the ring of Pride {rN+ Will+ Str+6 Int+2}
   (You found it on level 5 of the Vaults)

   [ring of strength]

   Str+6:     It affects your strength (+6).
   Int+2:     It affects your intelligence (+2).
   rN+:       It protects you from negative energy.
   Will+:     It increases your willpower.
Wands
 f - a wand of polymorph (43)
 p - a wand of acid (28)
 r - a wand of paralysis (96)
 A - a wand of mindburst (26)
 D - a wand of roots (67)
 S - a wand of digging (6)
Scrolls
 e - 6 scrolls of vulnerability
 i - 4 scrolls of teleportation
 l - 6 scrolls of enchant armour
 o - 2 scrolls of blinking
 u - 5 scrolls of fog
 F - 4 scrolls of butterflies
 J - 10 scrolls of fear
 N - 6 scrolls of silence
Potions
 c - 3 potions of mutation
 d - 3 potions of resistance
 k - 11 potions of enlightenment
 m - a potion of heal wounds
 q - a potion of cancellation
 t - 5 potions of magic
 w - 2 potions of lignification
 x - 7 potions of brilliance
 B - 19 potions of curing
 E - 2 potions of invisibility
 K - 4 potions of ambrosia
 O - 6 potions of might
 V - 6 potions of haste
Miscellaneous
 L - a lightning rod (4/4)
 Y - a sack of spiders


   Skills:
 + Level 22.0 Fighting
 - Level 16.0 Long Blades
 - Level 16.0 Armour
 + Level 23.4 Dodging
 - Level 1.7 Stealth
 - Level 15.2 Shields
 - Level 10.2 Spellcasting
 - Level 5.9 Conjurations
 - Level 4.0 Hexes
 - Level 2.8 Summonings
 - Level 6.4 Translocations
 - Level 18.7 Air Magic
 - Level 4.7 Evocations


You had 11 spell levels left.
You knew the following spells:

 Your Spells              Type           Power      Damage    Failure   Level
a - Shock                 Conj/Air       100%       1d9       1%          1
b - Silence               Hex/Air        38%        N/A       2%          5
c - Swiftness             Air            98%        N/A       0%          3
d - Blink                 Tloc           100%       N/A       1%          2
e - Airstrike             Air            49%        2d(7-23)  1%          4
f - Apportation           Tloc           100%       N/A       1%          1
g - Manifold Assault      Tloc           57%        N/A       8%          4
h - Summon Lightning Spi  Summ/Air       74%        N/A       1%          4
i - Vhi's Electric Charg  Tloc/Air       100%       N/A       1%          4
j - Arcjolt               Conj/Air       40%        1d50      1%          5

Your spell library contained the following spells:

 Spells                   Type           Power      Damage    Failure   Level
 Magic Dart               Conj           100%       1d8       1%          1
 Slow                     Hex            100%       N/A       1%          1
 Cigotuvi's Dreadful Rot  Necr/Pois/Air  100%       N/A       1%          2
 Lesser Beckoning         Tloc           100%       N/A       1%          2
 Poisonous Vapours        Pois/Air       100%       N/A       1%          2
 Searing Ray              Conj           100%       2d8       1%          2
 Static Discharge         Conj/Air       100%       2-7/arc   1%          2
 Mephitic Cloud           Conj/Pois/Air  65%        N/A       1%          3
 Gell's Gravitas          Tloc           57%        N/A       2%          3
 Teleport Other           Tloc           57%        N/A       2%          3
 Foxfire                  Conj/Fire      100%       2x1d9     3%          1
 Kiss of Death            Conj/Necr      100%       2d13      3%          1
 Summon Small Mammal      Summ           100%       N/A       3%          1
 Jinxbite                 Hex            88%        N/A       3%          2
 Dazzling Flash           Conj/Hex       100%       N/A       4%          3
 Confusing Touch          Hex            44%        N/A       6%          3
 Sigil of Binding         Hex            44%        N/A       6%          3
 Tukima's Dance           Hex            44%        N/A       6%          3
 Ensorcelled Hibernation  Hex/Ice        62%        N/A       8%          2
 Summon Guardian Golem    Hex/Summ       40%        N/A       8%          3
 Passage of Golubria      Tloc           57%        N/A       8%          4
 Volatile Blastmotes      Fire/Tloc      78%        2d16      9%          3
 Iskenderun's Mystic Bla  Conj/Tloc      56%        2d12      9%          4
 Call Canine Familiar     Summ           37%        N/A       10%         3
 Hailstorm                Conj/Ice       37%        3d9       10%         3
 Stone Arrow              Conj/Erth      74%        3d11      10%         3
 Freeze                   Ice            68%        1d8       11%         1
 Necrotise                Necr           68%        1d7       11%         1
 Sandblast                Erth           34%        2d9       11%         1
 Sting                    Tmut/Pois      68%        1d6       11%         1
 Freezing Cloud           Conj/Ice/Air   32%        6-21      11%         5
 Conjure Ball Lightning   Conj/Air       40%        3x3d13    11%         6
 Dimensional Bullseye     Hex/Tloc       26%        N/A       13%         4
 Fulminant Prism          Conj/Hex       25%        3d14      14%         4
 Passwall                 Tmut/Erth      14%        N/A       17%         2
 Sublimation of Blood     Necr           17%        N/A       17%         2
 Cause Fear               Hex            22%        N/A       21%         4
 Frozen Ramparts          Ice            34%        1d6       32%         3
 Ignite Poison            Fire/Tmut/Pois 17%        N/A       32%         3
 Ozocubu's Armour         Ice            17%        N/A       32%         3
 Vampiric Draining        Necr           17%        2d7       32%         3
 Brom's Barrelling Bould  Conj/Erth      37%        2d6       32%         4
 Flame Wave               Conj/Fire      37%        2d10      32%         4
 Sticky Flame             Conj/Fire      37%        2d6       32%         4
 Maxwell's Capacitive Co  Air            49%        ∞         32%         8
 Plasma Beam              Fire/Air       34%        2x1d47    34%         6
 Summon Forest            Summ/Tloc      24%        N/A       41%         5
 Anguish                  Hex/Necr       15%        N/A       43%         4
 Leda's Liquefaction      Hex/Erth       15%        N/A       43%         4
 Animate Armour           Summ/Erth      54%        N/A       52%         4
 Animate Dead             Necr           17%        N/A       73%         4
 Dispel Undead            Necr           17%        3d10      73%         4
 Olgreb's Toxic Radiance  Pois           17%        N/A       73%         4
 Petrify                  Tmut/Erth      17%        N/A       73%         4
 Dispersal                Tloc           28%        N/A       77%         6
 Metabolic Englaciation   Hex/Ice        15%        N/A       80%         5
 Agony                    Necr           17%        N/A       97%         5
 Alistair's Intoxication  Tmut/Pois      11%        N/A       97%         5
 Borgnjor's Vile Clutch   Necr/Erth      8%         N/A       97%         5
 Lee's Rapid Deconstruct  Erth           8%         3d7*      97%         5
 Starburst                Conj/Fire      18%        6d7       99%         6
 Summon Cactus Giant      Summ           18%        N/A       99%         6
 Death Channel            Necr           8%         N/A       100%        6
 Eringya's Noxious Bog    Tmut/Pois      8%         4d6       100%        6
 Simulacrum               Ice/Necr       8%         N/A       100%        6
 Enfeeble                 Hex            22%        N/A       100%        7
 Haunt                    Necr/Summ      13%        N/A       100%        7
 Orb of Destruction       Conj           27%        9d9       100%        7
 Spellforged Servitor     Conj/Summ      23%        N/A       100%        7
 Borgnjor's Revivificati  Necr           8%         N/A       100%        8
 Discord                  Hex            22%        N/A       100%        8
 Ignition                 Fire           8%         3d5       100%        8
 Lehudib's Crystal Spear  Conj/Erth      18%        10d6      100%        8
 Chain Lightning          Conj/Air       40%        3d53      100%        9
 Death's Door             Necr           8%         N/A       100%        9
 Fire Storm               Conj/Fire      18%        8d5       100%        9
 Shatter                  Erth           8%         3d10*     100%        9


Dungeon Overview and Level Annotations

Branches:
Dungeon (15/15)            Temple (1/1) D:5            Lair (5/5) D:10
 Shoals (4/4) Lair:3        Snake (4/4) Lair:2        Slime (0/5) Lair:4
    Orc (2/2) D:12            Elf (3/3) Orc:2        Vaults (5/5) D:13
  Crypt (3/3) Vaults:3       Tomb (0/3) Crypt:3      Depths (4/4) D:15
    Zot (5/5) Depths:4    Ossuary (visited)          Bailey (visited)
  IceCv (visited)

Shops:
D:11 *   Orc:2 *:*   Elf:2 ?   Snake:3 (   Vaults:3 (   Vaults:5 [   Zot:3 *
Depths:4 =

Portals:
Hell: Depths:1 Depths:2 Depths:3 Depths:4
Abyss: Depths:2 Depths:3
Pandemonium: Depths:2 Depths:3 Depths:4
Ziggurat: Depths:2

Annotations:
Snake:3 3 runed translucent doors
Crypt:2 1 runed translucent door, Zievuyg's ghost, adept MiFi


Innate Abilities, Weirdness & Mutations

You have an increased reservoir of magic. (+10% MP)
You shall have no god before yourself.
Your divine heritage dramatically boosts your attributes as you level up.
You are clumsy. (Dex -2)
You expend magic power (3 MP) to strengthen your wands.


Message History

You feel yourself speed up.
Aiming: Dig
Press: ? - help, Shift-Dir - straight line, f - you Please select a direction to dig.
This square is covered in magical glow.
You feel a surge of power!
The rock shatters into small pieces.
There is a stone staircase leading up here.
You climb upwards.
There is a stone staircase leading down here.
Items here: )) [[.
Your extra speed is starting to run out.
There is a stone staircase leading up here.
You climb upwards.
There is a stone staircase leading down here.
You feel yourself slow down.
There is a stone staircase leading up here.
You climb upwards.
There is a stone staircase leading down here.
There is a stone staircase leading up here.
You climb upwards.
There is a stone staircase leading down here.
There is an escape hatch in the ceiling here.
A mysterious force pulls you upwards. The hatch slams shut behind you.
A Brimstone Fiend comes into view.
You feel yourself speed up.
Charge where?
Press: ? - help, Q - select action, (/) - cycle Dir - move target, f - Brimstone Fiend
Aim: a Brimstone Fiend (95% to hit)
You charge forward with an electric crackle!
You carve the Brimstone Fiend like a ham and electrocute it!!!!
The Brimstone Fiend is severely wounded.
The Brimstone Fiend completely misses you.
The Brimstone Fiend barely misses you. You block the Brimstone Fiend's attack.
You chop the Brimstone Fiend into pieces!!!
You kill the Brimstone Fiend!
Your Fighting skill increases to level 22!
Magic restored.
There is an open door here.
There is a staircase leading out of the dungeon here.
You have escaped!

##♣ ### #.♣♣♣8#####
## #.♣♣@.'...# #.
#.♣♣♣8###.###### #.
#.♣ ### #......# ##.
#.# #.# #......# #..
#.# #.###......####..
#.# #.#.#......##.#..
#.# #.#.#......##.#..
#.# #.#.#......##....
#.###.#>.............


There were no monsters in sight!

Vanquished Creatures
  4 dread liches
  6 ancient liches
  3 orbs of fire (Zot:5)
  A juggernaut (Depths:2)
  Mara (Depths:2)
  Sojobo (Vaults:2)
  Margery (Depths:3)
  11 Killer Klowns
  4 shard shrikes (Depths:3)
  Boris (Depths:3)
  A curse toe (Zot:5)
  A caustic shrike (Depths:2)
  A profane servitor (D:11)
  8 golden dragons
  Norris (Vaults:4)
  A bone dragon (Depths:3)
  A Brimstone Fiend (D:1)
  10 tentacled monstrosities
  20 Orb Guardians
  An electric golem (Zot:5)
  A shard shrike skeleton (Crypt:2)
  Mlioglotl (Shoals:1)
  An acid blob (Elf:2)
  4 titans
  2 deep elf master archers (Elf:3)
  A lich (Crypt:3)
  4 deep elf blademasters
  10 sphinxes
  5 quicksilver dragons
  A walking frostbound tome (Depths:2)
  The ghost of lotum the Spry, an adept FeCj of Gozag (Elf:2)
  3 death cobs
  5 ancient champions
  11 shadow dragons
  9 tengu reavers
  Aizul (Snake:4)
  9 storm dragons
  8 draconian monks (Depths:4)
  An azure jelly (Elf:2)
  2 draconian knights (Zot:3)
  4 fire giants
  2 rockslimes (Elf:2)
  3 nagarajas (Snake:4)
  12 frost giants
  12 deep elf sorcerers
  4 iron dragons
  13 vault wardens
  A balrug (Depths:3)
  2 draconian scorchers
  2 draconian shifters
  2 orc warlords
  5 curse skulls
  9 deep elf elementalists
  2 draconian stormcallers
  A juggernaut zombie (Crypt:1)
  8 ghouls
  17 ironbound preservers
  A spriggan defender (Depths:2)
  27 very ugly things
  3 draconian annihilators
  A formless jellyfish (shapeshifter) (Vaults:5)
  A ghost moth (Zot:2)
  2 reapers
  14 stone giants
  A war gargoyle (Vaults:5)
  7 ironbound thunderhulks
  4 formless jellyfish
  2 caustic shrike skeletons
  9 vampire knights
  10 deep elf demonologists
  2 eleionomae (Shoals:2)
  6 green draconians
  10 purple draconians
  10 dire elephants
  10 white draconians
  10 black draconians
  8 red draconians
  7 deep elf annihilators (Elf:3)
  A minotaur (shapeshifter) (Vaults:4)
  A wendigo (Depths:3)
  8 deep elf death magi
  4 yellow draconians
  A spark wasp (Depths:2)
  Snorg (Lair:4)
  5 eidola
  14 ettins
  8 fire dragons
  7 merfolk javelineers
  11 merfolk impalers
  14 jiangshi
  2 great orbs of eyes
  16 yaktaur captains
  Fannar (D:12)
  11 deep elf high priests
  2 entropy weavers
  The ghost of justen the Mimic, a journeyman MfSh of Ru (Lair:4)
  A fenstrider witch zombie (Crypt:1)
  12 ice dragons
  2 salamander tyrants
  35 vault guards
  3 rakshasas
  A hell beast (Depths:3)
  2 merfolk avatars (Shoals:4)
  12 two-headed ogres
  4 merfolk aquamancers
  3 death knights
  A caustic shrike simulacrum (Depths:3)
  4 hydras
  A radroach (shapeshifter) (D:15)
  11 centaur warriors
  3 alligator snapping turtles
  6 ogre magi
  13 anacondas
  3 hell hogs (Depths:4)
  14 ironbound frosthearts
  7 spriggan air magi
  40 dancing weapons
  4 boulder beetles
  5 spriggan berserkers
  9 deep troll earth magi
  16 naga warriors
  5 satyrs
  4 deep troll shamans
  A demonic crawler (D:7)
  12 naga sharpshooters
  4 tengu warriors
  5 vampire magi
  5 death yaks (Lair:5)
  A shock serpent (shapeshifter) (Vaults:5)
  9 soul eaters
  A sun demon (Depths:4)
  10 skysharks
  Nergalle (Lair:3)
  10 shock serpents
  An orc high priest (Orc:1)
  16 spriggans
  12 hell knights
  19 deep elf knights
  A titan skeleton (Depths:1)
  4 salamander mystics
  6 iron trolls
  Amaemon (Lair:1)
  5 glowing orange brains
  19 skeletal warriors
  A shadow demon (Depths:4)
  2 bog bodies (Crypt:2)
  36 deep trolls
  7 flayed ghosts
  5 shadow wraiths
  A death drake (Depths:4)
  8 spriggan simulacra
  11 sea snakes
  A ghost moth zombie (Crypt:1)
  2 bunyip skeletons
  15 necromancers
  14 ironbound convokers
  6 naga ritualists
  5 orc knights
  10 wizards
  4 harpies (Vaults:2)
  3 orange crystal statues
  A broodmother zombie (Crypt:1)
  14 phantasmal warriors
  5 lindwurms
  10 deep elf archers
  38 deep elf pyromancers
  11 cyclopes
  2 orc sorcerers
  34 deep elf zephyrmancers
  36 ugly things
  A faun (shapeshifter) (Depths:2)
  2 stone giant zombies
  11 mana vipers
  A frost giant zombie (Depths:2)
  20 manticores
  A fire giant zombie (Vaults:1)
  15 salamanders
  38 fauns
  Maurice (D:12)
  Joseph (D:7)
  12 naga magi
  A dire elephant zombie (Crypt:1)
  2 rust devils (Depths:4)
  10 elephants
  35 black mambas
  6 merfolk sirens
  11 moths of wrath
  A titan simulacrum (Depths:3)
  28 vault sentinels
  4 frost giant skeletons
  An eye of devastation (shapeshifter) (Depths:2)
  12 guardian serpents
  3 smoke demons (Depths:4)
  An eye of devastation (Elf:2)
  8 water nymphs
  A torpor snail (Lair:4)
  2 gargoyles
  6 cane toads
  9 freezing wraiths
  16 rime drakes
  A green draconian zombie (Crypt:2)
  An efreet (D:13)
  A catoblepas zombie (Crypt:1)
  13 komodo dragons
  An unseen horror zombie (Crypt:2)
  The ghost of Kurtz the Chopper, a novice OpFi (D:4)
  2 orange demons
  A guardian mummy (Crypt:3)
  A bunyip simulacrum (Crypt:1)
  37 yaktaurs
  A mana viper zombie (Crypt:2)
  2 unseen horrors
  A pale draconian skeleton (Crypt:2)
  A yellow draconian skeleton (Crypt:1)
  A tengu conjurer (Depths:2)
  16 trolls
  30 merfolk
  3 golden dragon simulacra
  2 red devils (Depths:4)
  6 wind drakes
  11 meliai
  30 polar bears
  An iron troll skeleton (Crypt:2)
  24 blink frogs
  7 hornets
  A hydra skeleton (Crypt:1)
  A polar bear (shapeshifter) (Elf:1)
  A merfolk zombie (Crypt:1)
  5 large abominations (Elf:1)
  A wind drake (shapeshifter) (D:14)
  A culicivora zombie (Crypt:3)
  16 dream sheep
  31 slime creatures
  6 snapping turtles
  A great orb of eyes zombie (Crypt:3)
  3 air elementals
  8 flying skulls
  A centaur simulacrum (Crypt:1)
  A culicivora (shapeshifter) (Vaults:5)
  5 shadows
  3 wyverns
  35 water elementals
  A culicivora (Vaults:4)
  3 hogs (D:13)
  49 yaks
  2 vampires (Crypt:3)
  A hog (shapeshifter) (Vaults:4)
  A human (D:13)
  10 wraiths
  8 fire bats
  2 black mamba skeletons
  4 basilisks
  5 fire elementals
  A redback (Vaults:4)
  A steam dragon (D:8)
  A minotaur simulacrum (D:15)
  12 vampire mosquitoes
  An elf skeleton (Vaults:2)
  A chaos spawn (Depths:4)
  A warg (Orc:2)
  Menkaure (D:7)
  A deep troll zombie (Crypt:1)
  2 human zombies
  35 nagas
  3 acid dragons
  21 water moccasins
  A floating eye (shapeshifter) (Vaults:5)
  A floating eye (Depths:2)
  8 black bears
  25 orc warriors
  2 glowing shapeshifter skeletons
  2 ice beasts (D:6)
  An ettin simulacrum (Depths:3)
  A sky beast (D:7)
  An elephant zombie (Crypt:3)
  13 boggarts
  18 ogres
  19 wolves
  A human skeleton (Vaults:1)
  9 centaurs
  An elephant skeleton (Crypt:1)
  A torpor snail zombie (Crypt:3)
  A phantom (D:12)
  4 kobold brigands
  14 bullfrogs
  4 deep troll simulacra (D:15)
  4 necrophages
  2 gnoll sergeants
  2 water moccasin zombies (Ossuary)
  7 scorpions
  3 earth elementals
  16 wights
  A shapeshifter zombie (Crypt:2)
  A troll zombie (D:12)
  6 jellies
  10 killer bees
  A yak skeleton (Crypt:3)
  7 small abominations (Elf:1)
  9 electric eels
  5 howler monkeys
  3 lava snakes (Lair:2)
  9 orc priests
  A basilisk zombie (Crypt:3)
  2 hounds
  A centaur skeleton (Crypt:3)
  An iguana (D:6)
  15 orc wizards
  7 ogre zombies (D:12)
  A hound skeleton (D:7)
  14 mummies
  6 adders
  17 gnolls
  2 steam dragon skeletons (Crypt:3)
  A swamp drake skeleton (Crypt:2)
  3 shadow imps
  3 white imps
  4 ufetubi
  2 adder zombies (Ossuary)
  4 dart slugs
  69 orcs
  8 endoplasms
  2 giant cockroaches (D:4)
  12 goblins
  10 hobgoblins
  7 quokkas
  7 ball pythons
  12 bats
  2 frilled lizards (D:1)
  A frilled lizard zombie (Crypt:3)
  3 gnoll zombies (Ossuary)
  A goblin skeleton (D:12)
  5 goblin zombies (D:12)
  2 hobgoblin skeletons (D:12)
  6 hobgoblin zombies (Ossuary)
  32 kobolds
  5 kobold zombies (Ossuary)
  25 orc zombies
  6 rats
2410 creatures vanquished.

Vanquished Creatures (collateral kills)
  A faun (Shoals:2)
1 creature vanquished.

Vanquished Creatures (others)
  A storm dragon (Zot:2)
  2 fire giants (Depths:2)
  A draconian knight (Zot:3)
  A water elemental (Elf:3)
5 creatures vanquished.

Grand Total: 2416 creatures vanquished

Notes
Turn   | Place    | Note
-------+----------+-------------------------------------------
     0 | D:1      | questionabletactics the Demigod Air Elementalist began the
                  | quest for the Orb.
     0 | D:1      | Reached XP level 1. HP: 14/14 MP: 5/5
   111 | D:1      | Reached skill level 1 in Conjurations
   562 | D:1      | Reached XP level 2. HP: 20/20 MP: 2/7
  2100 | D:3      | Reached XP level 3. HP: 26/26 MP: 3/9
  2154 | D:3      | Learned a level 2 spell: Static Discharge
  2700 | D:4      | Found a sand-covered staircase.
  2810 | Ossuary  | Entered an ossuary
  2961 | Ossuary  | Reached XP level 4. HP: 16/33 MP: 2/11
  3125 | Ossuary  | Reached XP level 5. HP: 35/38 MP: 0/13
  3224 | Ossuary  | Learned a level 3 spell: Swiftness
  3447 | D:4      | Noticed Kurtz's ghost (novice OpFi)
  3450 | D:4      | Found a runed translucent door.
  4155 | D:4      | Reached XP level 6. HP: 45/45 MP: 6/15
  4927 | D:4      | Reached skill level 1 in Fighting
  4927 | D:4      | Reached skill level 5 in Air Magic
  5194 | D:5      | Entered Level 5 of the Dungeon
  5203 | D:5      | Found a staircase to the Ecumenical Temple.
  5212 | Temple   | Entered the Ecumenical Temple
  5886 | D:5      | Reached skill level 2 in Dodging
  5886 | D:5      | Reached XP level 7. HP: 54/55 MP: 11/16
  6380 | D:5      | Reached skill level 3 in Dodging
  6444 | D:6      | Noticed a troll
  6476 | D:5      | Killed a troll
  6624 | D:6      | Reached skill level 4 in Dodging
  6806 | D:6      | Reached XP level 8. HP: 46/61 MP: 8/17
  8090 | D:7      | Found a flagged portal.
  8099 | D:7      | Learned a level 2 spell: Blink
  8104 | D:7      | Learned a level 4 spell: Airstrike
  8115 | Bailey   | Entered a bailey
  8140 | Bailey   | Reached skill level 1 in Evocations
  8470 | Bailey   | Reached XP level 9. HP: 65/71 MP: 9/19
  8976 | Bailey   | Reached skill level 5 in Spellcasting
  9792 | Bailey   | Noticed an orc warlord
  9944 | Bailey   | Killed an orc warlord
  9945 | Bailey   | Reached skill level 5 in Dodging
 10089 | Bailey   | Reached skill level 10 in Dodging
 10089 | Bailey   | Reached skill level 10 in Air Magic
 10089 | Bailey   | Reached XP level 10. HP: 78/78 MP: 22/22
 10668 | D:7      | Identified the ring of Ethics {rC+ rN+}
 10695 | D:7      | Noticed Joseph
 10955 | D:7      | Noticed Menkaure
 10959 | D:7      | Killed Menkaure
 11522 | D:8      | Reached skill level 1 in Armour
 11710 | D:8      | Reached XP level 11. HP: 70/85 MP: 7/23
 12032 | D:8      | Identified the +4 longbow of the Dove {flame, *Slow rElec
                  | Int+4}
 12384 | D:8      | Reached skill level 5 in Fighting
 12400 | D:8      | Reached skill level 1 in Long Blades
 13139 | D:9      | Noticed a two-headed ogre
 13151 | D:9      | Killed a two-headed ogre
 14306 | D:10     | Entered Level 10 of the Dungeon
 14376 | D:10     | Reached skill level 5 in Long Blades
 14762 | D:10     | Noticed a deep elf zephyrmancer
 14762 | D:10     | Noticed a deep elf zephyrmancer
 14780 | D:10     | Killed a deep elf zephyrmancer
 15091 | D:10     | Noticed a deep elf pyromancer
 15102 | D:10     | Killed a deep elf pyromancer
 15103 | D:10     | Reached skill level 11 in Dodging
 15218 | D:10     | Found a staircase to the Lair.
 15243 | D:10     | Killed a deep elf zephyrmancer
 15609 | D:10     | Reached skill level 12 in Dodging
 15929 | D:10     | Noticed a wizard
 15936 | D:10     | Killed a wizard
 16215 | D:10     | Got a dusty book
 16239 | D:10     | Got a glossy book
 16268 | D:10     | Got a foxed book
 16507 | Lair:1   | Entered Level 1 of the Lair of Beasts
 16555 | Lair:1   | Noticed Amaemon
 16598 | Lair:1   | Reached XP level 12. HP: 58/96 MP: 5/24
 17174 | Lair:1   | Killed Amaemon
 17322 | Lair:1   | Reached skill level 13 in Dodging
 17994 | Lair:1   | Identified 2 scrolls of acquirement
 17994 | Lair:1   | Acquired a staff of air
 17999 | Lair:1   | Acquired 929 gold pieces
 18924 | Lair:2   | Reached skill level 14 in Dodging
 19156 | Lair:2   | Reached skill level 5 in Armour
 19431 | Lair:2   | Found a staircase to the Snake Pit.
 20707 | Lair:3   | Noticed Nergalle
 20711 | Lair:3   | Killed Nergalle
 20840 | Lair:3   | Found a staircase to the Shoals.
 21036 | Lair:3   | Reached XP level 13. HP: 102/102 MP: 16/25
 21720 | Lair:4   | Found a runed translucent door.
 21725 | Lair:4   | Noticed justen's ghost (journeyman MfSh)
 21755 | Lair:4   | You fall into a shaft and drop 1 floor!
 21755 | Lair:5   | Entered Level 5 of the Lair of Beasts
 22177 | Lair:4   | Found a staircase to the Slime Pits.
 22486 | Lair:4   | Noticed Snorg
 22492 | Lair:4   | Killed Snorg
 24378 | Lair:5   | Reached skill level 1 in Shields
 25433 | Lair:5   | Reached skill level 10 in Long Blades
 25795 | Lair:5   | Reached XP level 14. HP: 116/116 MP: 20/29
 26545 | D:7      | Killed Joseph
 26721 | D:4      | Killed Kurtz's ghost
 27700 | D:11     | Found Vocel's General Store.
 27710 | D:11     | Bought a scroll of teleportation for 39 gold pieces
 27875 | D:12     | Noticed Fannar
 27892 | D:12     | Killed Fannar
 28064 | D:12     | Found a staircase to the Orcish Mines.
 28702 | D:12     | Noticed Maurice
 28876 | D:12     | Killed Maurice
 29153 | D:12     | Found the +11 Singing Sword {sonic wave}
 29371 | Orc:1    | Entered Level 1 of the Orcish Mines
 29503 | Orc:2    | Entered Level 2 of the Orcish Mines
 29504 | Orc:2    | Found Xerassir's Book Boutique.
 30077 | Orc:2    | Found Urayfium's Assorted Antiques.
 30090 | Orc:2    | Found Zytrew's Assorted Antiques.
 30093 | Orc:2    | Found Zeixod Tavoph's Jewellery Boutique.
 30112 | Orc:2    | Reached skill level 10 in Fighting
 30235 | Orc:2    | Found a staircase to the Elven Halls.
 31254 | D:13     | Found a gate to the Vaults.
 31624 | D:13     | Reached XP level 15. HP: 125/128 MP: 17/30
 32958 | D:15     | Entered Level 15 of the Dungeon
 33012 | D:15     | Found a frozen archway.
 33035 | IceCv    | Entered an ice cave
 34221 | IceCv    | Reached skill level 15 in Dodging
 34269 | IceCv    | Identified the +3 rapier "Giantbane" {freeze, *Noise rF-
                  | Str+3 Int+6}
 34273 | IceCv    | Identified the +0 hat of Ripem {-Cast +Blink Str+4 Stlth+}
 34275 | IceCv    | Identified the ring "Rynysk Baqo" {rElec rN+ rCorr Dex-4
                  | SInv}
 34547 | D:15     | Reached skill level 5 in Shields
 34782 | D:15     | Identified the +0 chain mail of the Fresh God {Str+4 Int+6
                  | Dex-4}
 35334 | D:15     | Found a staircase to the Depths.
 35615 | Orc:1    | Upgraded the game from 0.31-a0-833-gc15d34cb79 to
                  | 0.31-a0-836-g3ceb0a68c4
 35770 | Shoals:1 | Entered Level 1 of the Shoals
 35770 | Shoals:1 | Noticed Mlioglotl
 35776 | Shoals:1 | Killed Mlioglotl
 36077 | Shoals:1 | Reached XP level 16. HP: 137/137 MP: 31/31
 37757 | Shoals:2 | Reached skill level 10 in Shields
 38099 | Shoals:2 | Identified the +3 sling "Nuthries" {heavy, Dex+3}
 38106 | Shoals:2 | Got a moth-eaten book
 40123 | Shoals:4 | Entered Level 4 of the Shoals
 42036 | Shoals:4 | Reached XP level 17. HP: 143/144 MP: 12/32
 42115 | Shoals:4 | Identified the +9 falchion of Meim {protect, Int+3}
 43044 | Shoals:4 | Got a barnacled rune of Zot
 43303 | Snake:1  | Entered Level 1 of the Snake Pit
 43335 | Snake:1  | Reached skill level 1 in Translocations
 44105 | Snake:1  | Reached skill level 5 in Translocations
 44293 | Snake:1  | Identified the +1 chain mail "Raoc" {rPois Str+2 Stlth+}
 44658 | Snake:1  | Learned a level 1 spell: Apportation
 44663 | Snake:1  | Learned a level 4 spell: Manifold Assault
 45763 | Snake:2  | Identified the amulet of Trepidation {RegenMP Drain rF++
                  | Will+++ Dex-2}
 45923 | Snake:2  | Learned a level 4 spell: Summon Lightning Spire
 45961 | Snake:3  | Reached skill level 1 in Summonings
 47280 | Snake:3  | Found a runed translucent gate.
 47280 | Snake:3  | Found a runed translucent gate.
 47281 | Snake:3  | Found a runed translucent gate.
 47371 | Snake:3  | Found Xoli Idweu's Antique Weapon Shoppe.
 48083 | Snake:4  | Entered Level 4 of the Snake Pit
 48716 | Snake:4  | Noticed Aizul
 48747 | Snake:4  | Killed Aizul
 49159 | Snake:4  | Reached skill level 16 in Dodging
 49285 | Snake:4  | Reached XP level 18. HP: 151/151 MP: 33/33
 51123 | Snake:4  | Got a serpentine rune of Zot
 51420 | Lair:4   | Killed justen's ghost
 51605 | Orc:2    | Bought a potion of haste for 300 gold pieces
 51605 | Orc:2    | Bought a potion of curing for 90 gold pieces
 51616 | Orc:2    | Bought Maxwell's Memoranda for 560 gold pieces
 51623 | Orc:2    | Learned a level 4 spell: Vhi's Electric Charge
 51696 | Vaults:1 | Entered Level 1 of the Vaults
 53850 | Vaults:2 | Found a transporter.
 53888 | Vaults:2 | Found a transporter.
 54396 | Vaults:2 | Reached XP level 19. HP: 161/163 MP: 31/38
 54612 | Vaults:2 | Reached skill level 10 in Spellcasting
 55384 | Vaults:3 | Noticed Sojobo
 55817 | Vaults:2 | Paralysed by an air elemental for 1 turns
 55831 | Vaults:2 | Paralysed by an air elemental for 1 turns
 56425 | Vaults:3 | Found Zan Kaig's Weapon Emporium.
 56731 | Vaults:3 | Found a staircase to the Crypt.
 57125 | Vaults:3 | Learned a level 5 spell: Arcjolt
 58298 | Vaults:4 | Noticed Norris
 58299 | Vaults:4 | Reached skill level 5 in Conjurations
 58309 | Vaults:4 | Killed Norris
 58766 | Vaults:4 | Reached skill level 17 in Dodging
 58833 | Vaults:4 | Reached skill level 15 in Air Magic
 60259 | Elf:1    | Entered Level 1 of the Elven Halls
 60386 | Elf:1    | Reached skill level 15 in Long Blades
 60425 | Elf:1    | Paralysed by an air elemental for 1 turns
 60667 | Elf:1    | Reached XP level 20. HP: 140/174 MP: 29/39
 61808 | Elf:2    | Found Ileefom's Magic Scroll Emporium.
 61821 | Elf:2    | Bought a scroll of teleportation for 39 gold pieces
 61821 | Elf:2    | Bought a scroll of teleportation for 39 gold pieces
 61873 | Elf:2    | Bought a scroll of enchant armour for 97 gold pieces
 62011 | Elf:2    | Reached skill level 18 in Dodging
 62098 | Elf:2    | Found a runed translucent gate.
 62098 | Elf:2    | Found a runed translucent gate.
 62098 | Elf:2    | Found a runed translucent gate.
 62101 | Elf:2    | Noticed lotum's ghost (adept FeCj)
 62271 | Elf:2    | Found a runed translucent gate.
 62272 | Elf:2    | Found a runed translucent gate.
 62272 | Elf:2    | Found a runed translucent gate.
 64163 | Elf:2    | Killed lotum's ghost
 64267 | Elf:2    | Learned a level 5 spell: Silence
 64412 | Elf:2    | Reached skill level 1 in Hexes
 64472 | Elf:3    | Entered Level 3 of the Elven Halls
 64774 | Elf:3    | Identified the +5 hand axe of Flawed Execution {holy, rPois
                  | Str+3 Dex+3}
 64790 | Elf:3    | Identified the +6 ice dragon scales "Beommasi" {rF- rC++
                  | Int+4}
 65185 | Elf:3    | Identified the +8 mace of Beumawau {distort, rF+}
 65189 | Elf:3    | Identified the +9 mace of Hyssuar {drain, Int+6 Dex+3}
 65189 | Elf:3    | Identified the +0 scale mail of the Marlin {rF+ rC+ Str+3}
 65699 | Elf:3    | Identified the staff of Doom {Fly rC+++ Int+3 SInv Stlth-
                  | Earth}
 65702 | Elf:3    | Identified the +5 fire dragon scales "Xaexkom" {rF++ rC-
                  | rCorr}
 65970 | Elf:3    | Reached skill level 15 in Shields
 65989 | Elf:3    | Reached XP level 21. HP: 178/181 MP: 37/40
 66178 | Elf:3    | Identified the +11 mace "Tothestry" {heavy, Fly rElec Will-
                  | Str-4}
 66365 | Elf:3    | Identified the staff "Viugecig" {+Blink rF+ Dex+2 Stlth+
                  | Fire}
 66374 | Elf:3    | Got an antique book
 66488 | Elf:3    | Identified the +0 scale mail of the Garden {Dex+3}
 66501 | Elf:3    | Got an embossed book
 66554 | Elf:3    | Got a vibrating book
 67454 | Depths:1 | Entered Level 1 of the Depths
 67658 | Depths:1 | Found a gateway to Hell.
 68071 | Depths:1 | Reached skill level 15 in Fighting
 68189 | Depths:1 | Reached skill level 10 in Armour
 68612 | Depths:2 | Noticed Mara
 68637 | Depths:2 | Noticed questionabletactics's illusion
 68640 | Depths:2 | Killed Mara
 69291 | Depths:2 | Noticed a caustic shrike
 69367 | Depths:2 | Killed a caustic shrike
 69602 | Depths:2 | Identified the +1 morningstar of Wibin {holy, Str+3}
 69661 | Depths:2 | Noticed a juggernaut
 69684 | Depths:2 | Killed a juggernaut
 69802 | Depths:2 | Noticed a golden dragon
 69814 | Depths:2 | Killed a golden dragon
 69854 | Depths:2 | Identified the ring of Dauc Asu {rF+ rN+ rCorr}
 69930 | Depths:2 | Paralysed by a floating eye for 3 turns
 70753 | Depths:2 | Found a one-way gate to the infinite horrors of the Abyss.
 70755 | Depths:2 | Found a one-way gateway to a ziggurat.
 70755 | Depths:2 | Found a one-way gate leading to the halls of Pandemonium.
 70884 | Depths:2 | Got a faded book
 70889 | Depths:2 | Identified the +7 crystal plate armour of Dishonesty {rC+}
 71280 | Depths:2 | Identified the +0 leather armour "Asyfuy" {rN+ Slay+2}
 71631 | Depths:3 | Reached XP level 22. HP: 193/194 MP: 41/41
 71907 | Depths:3 | Noticed Margery
 71910 | Depths:3 | Noticed Boris
 72102 | Depths:3 | Killed Margery
 72124 | Depths:3 | Killed Boris
 72534 | Depths:3 | Noticed a shard shrike
 72535 | Depths:3 | Noticed a shard shrike
 72535 | Depths:3 | Noticed a shard shrike
 72536 | Depths:3 | Noticed a shard shrike
 72569 | Depths:3 | Killed a shard shrike
 72583 | Depths:3 | Killed a shard shrike
 72591 | Depths:3 | Killed a shard shrike
 72600 | Depths:3 | Killed a shard shrike
 72875 | Depths:3 | Paralysed by a wendigo for 1 turns
 73492 | Depths:4 | Entered Level 4 of the Depths
 73937 | Depths:4 | Found Jibip's Jewellery Shop.
 74400 | Depths:4 | Identified the +8 falchion of the Madman {heavy, Contam
                  | Str+3 Int+3 Dex+5}
 74866 | Depths:4 | Identified the ring "Vudaddeg" {MP+9 Dex+2}
 75072 | Depths:4 | Found a gate to the Realm of Zot.
 75078 | Depths:4 | Identified the +7 plate armour of Ebius {rElec rC+ rN+}
 75480 | Depths:4 | Reached XP level 23. HP: 211/211 MP: 42/42
 76317 | Crypt:1  | Entered Level 1 of the Crypt
 76779 | Crypt:1  | Reached skill level 15 in Armour
 78285 | Crypt:2  | Reached skill level 19 in Dodging
 79324 | Crypt:2  | Found a runed translucent door.
 79327 | Crypt:2  | Noticed Zievuyg's ghost (adept MiFi)
 79453 | Crypt:3  | Entered Level 3 of the Crypt
 80675 | Crypt:3  | Found a staircase to the Tomb.
 81149 | Crypt:3  | Reached skill level 20 in Dodging
 81471 | Crypt:3  | HP: 8/211 [spectral juggernaut[a curse skull] (35)]
 82083 | Crypt:2  | HP: 8/203 [something (24)]
 82636 | Crypt:3  | Noticed a dread lich
 82636 | Crypt:3  | Noticed a dread lich
 82659 | Crypt:3  | Killed a dread lich
 82726 | Crypt:3  | Killed a dread lich
 82784 | Crypt:3  | Noticed an ancient lich
 82807 | Crypt:3  | Killed an ancient lich
 82847 | Crypt:3  | Noticed an ancient lich
 82862 | Crypt:3  | Killed an ancient lich
 83683 | Elf:2    | Bought 3 scrolls of teleportation for 117 gold pieces
 83683 | Elf:2    | Bought a scroll of fog for 52 gold pieces
 83970 | Vaults:2 | Killed Sojobo
 84228 | Vaults:2 | Identified the ring of Qomeadus {rF+ AC+4 Int+5}
 84240 | Vaults:2 | Identified the ring of Gonudoiru {Wiz Drain rCorr Dex+2
                  | Stlth+}
 84382 | Vaults:5 | Entered Level 5 of the Vaults
 84383 | Vaults:5 | Noticed a dread lich
 84534 | Vaults:4 | Killed a dread lich
 84535 | Vaults:4 | Reached skill level 21 in Dodging
 84535 | Vaults:4 | Reached XP level 24. HP: 185/221 MP: 42/42
 85827 | Vaults:5 | Identified the +7 mace of Magnificence {venom, *Corrode Fly
                  | rC+ Dex+7}
 86253 | Vaults:5 | Got a silver rune of Zot
 86394 | Vaults:5 | Found Ryad's Antique Armour Shop.
 86405 | Vaults:5 | Got a moldy book
 86407 | Vaults:5 | Bought the +2 hood of the Assassin {Detect Stab+ Stlth++}
                  | for 1500 gold pieces
 86407 | Vaults:5 | Found the +2 hood of the Assassin {Detect Stab+ Stlth++}
 86461 | Vaults:5 | Noticed an ancient lich
 86492 | Vaults:5 | Killed an ancient lich
 86694 | Vaults:5 | Got a quavering book
 86696 | Vaults:5 | Identified the ring of Pride {rN+ Will+ Str+6 Int+2}
 86699 | Vaults:5 | Identified the +4 chain mail of Sehith {Rampage Dex+2}
 86829 | Vaults:5 | Identified the +0 ring mail "Retrye" {Stlth+}
 86949 | Vaults:5 | Identified the ring "Litaatt" {rCorr Str+5 Dex+6}
 87146 | Vaults:5 | Noticed a dread lich
 87158 | Vaults:5 | Killed a dread lich
 87218 | Vaults:5 | Identified the +7 quick blade of Sufficient Purpose {flame,
                  | +Blink rC+ rN+ Str-5}
 87747 | Zot:1    | Entered Level 1 of the Realm of Zot
 88147 | Zot:1    | Reached skill level 22 in Dodging
 88375 | Zot:2    | Noticed a Killer Klown
 88429 | Zot:2    | Killed a Killer Klown
 88454 | Zot:2    | Noticed a Killer Klown
 88459 | Zot:2    | Noticed a Killer Klown
 88459 | Zot:2    | Noticed a Killer Klown
 88497 | Zot:2    | Noticed a Killer Klown
 88636 | Zot:2    | Killed a Killer Klown
 88657 | Zot:2    | Killed a Killer Klown
 88673 | Zot:2    | Killed a Killer Klown
 88682 | Zot:2    | Noticed a Killer Klown
 88704 | Zot:2    | Killed a Killer Klown
 88745 | Zot:2    | Killed a Killer Klown
 88760 | Zot:2    | Noticed an ancient lich
 88771 | Zot:2    | Killed an ancient lich
 88850 | Zot:3    | Found Nuidatoc's Changing Room.
 89069 | Zot:5    | Entered Level 5 of the Realm of Zot
 89508 | Zot:5    | Identified the +7 hand axe of Vatauxaf {heavy, rPois Will+
                  | MP+9 Int-5}
 89617 | Zot:5    | Reached XP level 25. HP: 231/235 MP: 42/42
 89764 | Zot:5    | Noticed an ancient lich
 89788 | Zot:5    | Killed an ancient lich
 89825 | Zot:5    | Noticed an ancient lich
 89847 | Zot:5    | Killed an ancient lich
 90001 | Zot:5    | Noticed an orb of fire
 90014 | Zot:5    | Gained mutation: You sometimes lose your temper in combat.
                  | [an orb of fire]
 90017 | Zot:5    | Gained mutation: You are clumsy. (Dex -2) [an orb of fire]
 90025 | Zot:5    | Killed an orb of fire
 90026 | Zot:5    | Lost mutation: You are clumsy. (Dex -2) [potion of
                  | mutation]
 90026 | Zot:5    | Lost mutation: You sometimes lose your temper in combat.
                  | [potion of mutation]
 90026 | Zot:5    | Gained mutation: You expend magic power (3 MP) to
                  | strengthen your wands. [potion of mutation]
 90030 | Zot:5    | Noticed an orb of fire
 90045 | Zot:5    | Noticed an orb of fire
 90051 | Zot:5    | Reached skill level 23 in Dodging
 90054 | Zot:5    | Gained mutation: You are clumsy. (Dex -2) [an orb of fire]
 90056 | Zot:5    | Killed an orb of fire
 90080 | Zot:5    | Killed an orb of fire
 90460 | Zot:5    | Got the Orb of Zot
 90708 | Depths:1 | Noticed Fuvyezac the pandemonium lord
 90859 | D:8      | Noticed Getumosch the pandemonium lord
 91032 | D:$      | Escaped with the Orb!

Illustrated notes

Levels and vault maps discovered:
D:1:      saegor_arrival_simple_b, layout_basic, ebering_ecumenical_altar_rust
D:2:      layout_basic, nicolae_figureground_pulse
D:3:      layout_rooms, lemuel_doored_altar, mainiacjoe_overflow_alcove_4,
          lemuel_coloured_pillars_altar, lemuel_tele_altar, lemuel_round_altar,
          kennysheep_path_1
D:4:      layout_loops_corners, nicolae_overflow_hidden_temple,
          nicolae_ossuary_entry_false_entrances, hellmonk_ghost_happy_afterlife,
          chequers_serial_rivers_room_a, hex_tiny, nrook_mini_backslash
D:5:      layout_gridville, grunt_dithmenos_shadows, minmay_temple_entry_mist,
          minivault_5, minivault_5
D:6:      layout_basic
D:7:      layout_loops_corners, elyvilon_altar_4, makhleb_blood_cavern_becter,
          serial_demonic, serial_demonic_a, serial_demonic_g, serial_demonic_g,
          serial_demonic_g, enter_bailey_6, kennysheep_minor_cross, uniq_joseph,
          uniq_menkaure
D:8:      layout_basic, mainiacjoe_overflow_chevrons,
          mainiacjoe_overflow_six_doors_small
D:9:      layout_basic, mainiacjoe_overflow_tiny_flanked
D:10:     layout_small_grid, due_lair_maze_entry_diamond,
          minmay_tree_intersection, kennysheep_nub, bh_hangedman_babel_library
D:11:     layout_roguey, serial_shops, shop
D:12:     old_forge, layout_rooms, zombieorc2_lemuel, small_statue_intersection,
          minivault_25, st_stairs_6, tgw_lugonu_bribe, uniq_maurice, uniq_fannar
D:13:     layout_long_grid, david_vaults_1, grunt_livestock,
          columned_hall_lemuel
D:14:     layout_rooms, reono_crystal_passage, serial_glass, glass_columns_b,
          glass_columns_b, glass_columns_b, glass_columns_a,
          hangedman_decor_clover_reticule
D:15:     gammafunk_enter_depths_forms, layout_stronghold,
          nicolae_twisting_strands, portal_ice_cave_entry_ice_simulacra,
          serial_glass, glass_columns_b, glass_columns_b
Temple:   hellmonk_temple_flake
Lair:1:   layout_cave_shapes, uniq_amaemon
Lair:2:   layout_hall_layers, guppyfry_snake_entry_garden,
          nicolae_lair_liquid_snakes, grunt_megastairs_5,
          infiniplex_staircase_pool_2
Lair:3:   layout_cave_pods, minmay_shoals_entry_hut, uniq_nergalle
Lair:4:   layout_gridlike, nicolae_slime_entry_slimehenge,
          ebering_ghost_inner_flame, uniq_snorg
Lair:5:   minmay_lair_end_enchanted_forest, layout_regular_city
Shoals:1: layout_shoals, nicolae_shoals_arrival_archipelago, uniq_mlioglotl
Shoals:2: layout_shoals, nicolae_shoals_enchanted_isle
Shoals:3: layout_shoals, nicolae_shoals_elemental_ambush
Shoals:4: shoals_end_grunt_garden, layout_shoals
Snake:1:  layout_grid_shapes, serial_bayou_shore_a, lemuel_fruit_tree,
          nicolae_integral_box
Snake:2:  layout_cave_pods, drop_trap, nicolae_snake_salamander_stairs
Snake:3:  layout_onion_interference, serial_shops, shop,
          nicolae_snake_horde_hoard
Snake:4:  johnstein_snake_rune_scales, layout_gridlike, uniq_aizul
Orc:1:    layout_diamond_mine
Orc:2:    st_orc_open, layout_caves, basic_altar
Elf:1:    minmay_elf_arrival_summoners, layout_geoelf_octagon,
          hangedman_elven_crosses_minicolossus, laboratory
Elf:2:    nicolae_elf_blades_crystal_corner, layout_geoelf_grid,
          gammafunk_ghost_ooze, serial_shops, shop
Elf:3:    nooodl_elf_gasket, layout_geoelf_grid
Vaults:1: v_alt_pattern_2, nicolae_vaults_variable_pillar_hall,
          hangedman_vaults_stitches, nicolae_vaults_ellipses_ellipsis,
          nicolae_vaults_network_periphery, vaults_room_fours,
          nicolae_vaults_ring_of_whatevers, nicolae_vaults_trapezoid_lopsided_3,
          nicolae_vaults_asterisk, v_alt_pattern_2, v_misc_25,
          nicolae_vaults_diamond_1, vaults_dpeg_spiral,
          nicolae_vaults_little_squares_6, nicolae_vaults_trapezoid_3,
          layout_vaults_omnibox
Vaults:2: hangedman_vaults_capsules, nicolae_vaults_steering_wheel,
          gammafunk_its_a_trap, nicolae_vaults_wine_cellar,
          vaults_dpeg_emergency_exit, hangedman_vaults_variations,
          hangedman_vaults_trim, layout_vaults_omnigrid
Vaults:3: v_pattern_1, minmay_crypt_entry_simple_statues, nicolae_vaults_prndl,
          nicolae_vaults_library_corner, v_alt_pattern_5,
          nicolae_vaults_more_shelving_2, vaults_room_ringed_pool,
          nicolae_vaults_trapezoid_1, nicolae_vaults_mini_display_case,
          nicolae_vaults_asterisk, layout_vaults_maze_snakey, serial_shops,
          shop_fountains, uniq_sojobo
Vaults:4: nicolae_vaults_octothorpe, v_misc_27, nicolae_vaults_three_branches,
          vaults_room_stairs_pillars, v_alt_pattern_4, nicolae_vaults_house_1,
          nicolae_vaults_storage_closets_2, vaults_dpeg_cross,
          hangedman_vaults_impose, nicolae_vaults_trapezoid_2,
          nicolae_vaults_tetromino_L_1, layout_vaults_chaotic_city, uniq_norris
Vaults:5
Crypt:1:  statuecave_lemuel, layout_catacombs, lemuel_upstairs_altar
Crypt:2:  layout_misc_corridors, ebering_ghost_reflecting_pool,
          grunt_ministairs_14
Crypt:3:  david_glass_crypt, layout_basic,
          nicolae_tomb_entry_unfolded_pyramid_orthogonal, nicolae_nh_vlads_tower
Depths:1: layout_cave_pools, minmay_misc_feat_doors, hell_entry, fedhas_altar_2
Depths:2: box_level_dp, serial_shops, abyss_entry, pan_entry, hell_entry,
          uniq_mara
Depths:3: dreamdust_isle_of_ice, layout_basic, abyss_entry_glasseish,
          minmay_staircase_bubble, grunt_mini_vestibule,
          grunt_pan_entry_in_and_out, uniq_margery, uniq_boris
Depths:4: lemuel_castle_with_subvaults [lemuel_castle_interior_carwin_3],
          layout_long_grid, hellmouth_3, grunt_pan_entry_zigzag, serial_shops,
          nicolae_shop_competitors_out_of_business, lemuel_flamethrower_2
Zot:1:    layout_basic
Zot:2:    ebering_klown_carousel, layout_cathedral_of_symmetry
Zot:3:    kennysheep_blocky_hall, layout_gridlike,
          hangedman_zot_diagonal_lockstep, nicolae_transmutations_shop,
          hangedman_hellfire_club, uniq_vv
Zot:4:    kennysheep_oblong_rooms, layout_cathedral_of_symmetry,
          bh_zot_levy_curve, amcnicky_altar_lugonu_corruption
Zot:5:    layout_gridlike

Skill      XL: |  1  2  3  4  5  6  7  8  9 10 11 12 13 14 15 16 17 18 19 20 21 22 23 24 25 |
---------------+----------------------------------------------------------------------------+-----
Conjurations   | 1 2 3 5 |  5.9
Spellcasting   | 2 3 4 5 7 9 10 | 10.2
Air Magic      | 3 4 5 6 8 10 11 12 13 15 18 | 18.7
Fighting       | 2 3 4 6 8 10 11 13 14 18 19 21 22 | 22.0
Dodging        | 2 4 10 12 14 15 16 17 18 21 22 23 | 23.4
Evocations     | 1 3 4 |  4.7
Armour         | 1 3 6 9 12 14 16 | 16.0
Long Blades    | 7 8 10 12 14 15 16 | 16.0
Shields        | 3 7 13 14 15 | 15.2
Translocations | 6 |  6.4
Summonings     | 2 |  2.8
Hexes          | 4 |  4.0
Stealth        | |  1.7

Action                     |  1- 3 |  4- 6 |  7- 9 | 10-12 | 13-15 | 16-18 | 19-21 | 22-24 | 25-27 || total
---------------------------+-------+-------+-------+-------+-------+-------+-------+-------+-------++-------
  Melee: Dagger            |     8 |    21 |       |       |       |       |       |       |       ||    29
         Quarterstaff      |       |     5 |       |       |       |       |       |       |       ||     5
         Spear             |       |       |    37 |    11 |       |       |       |       |       ||    48
         Hand axe          |       |       |     4 |       |       |       |       |       |       ||     4
         Scimitar          |       |       |       |   210 |   636 |       |       |       |       ||   846
         Staff             |       |       |       |    16 |       |     8 |       |       |       ||    24
         Punch             |       |       |       |     7 |     3 |       |       |       |       ||    10
         Double sword      |       |       |       |       |   577 |  1422 |  1826 |  3182 |   264 ||  7271
  Throw: Dart              |       |     3 |    17 |     7 |    19 |       |     2 |     4 |       ||    52
   Cast: Shock             |   114 |   116 |   258 |   352 |       |       |       |       |       ||   840
         Static Discharge  |     4 |    12 |    41 |    80 |    15 |       |       |       |       ||   152
         Airstrike         |       |       |       |    95 |   206 |   225 |    26 |    13 |       ||   565
         Vhi's Electric Ch |       |       |       |       |       |    11 |   115 |    27 |     1 ||   154
         Blink             |       |       |       |       |       |     1 |       |     3 |       ||     4
         Arcjolt           |       |       |       |       |       |       |    10 |       |       ||    10
         Silence           |       |       |       |       |       |       |     2 |     8 |     2 ||    12
         Swiftness         |       |       |       |       |       |       |       |     1 |       ||     1
         Summon Lightning  |       |       |       |       |       |       |       |     1 |       ||     1
  Evoke: Wand              |       |       |     9 |     5 |     4 |     3 |     4 |    10 |     2 ||    37
         Sack of spiders   |       |       |       |       |       |     1 |       |       |       ||     1
    Use: Scroll            |     7 |     4 |     3 |    17 |    11 |     8 |    25 |    16 |     2 ||    93
         Potion            |     1 |     1 |     5 |     2 |     3 |     2 |    14 |     6 |    11 ||    45
   Stab: Invisible         |       |     1 |     1 |     2 |       |       |       |       |       ||     4
         Sleeping          |       |       |     1 |       |     1 |     5 |     7 |     4 |       ||    18
         Distracted        |       |       |       |       |     3 |     2 |     4 |     1 |       ||    10
         Paralysed         |       |       |       |       |     2 |     7 |       |       |       ||     9
         Held in net/web   |       |       |       |       |       |     1 |       |       |       ||     1
         Confused          |       |       |       |       |       |       |       |     2 |       ||     2
 Armour: Robe              |    13 |    25 |    43 |    11 |       |       |       |       |       ||    92
         Scale mail        |       |       |       |   284 |   684 |       |       |       |       ||   968
         Ring mail         |       |       |       |       |     9 |   434 |   337 |       |       ||   780
         Ice dragon scales |       |       |       |       |       |       |   232 |  1110 |    69 ||  1411
  Dodge: Dodged            |    22 |    17 |    48 |   301 |   845 |   784 |   895 |  2055 |    89 ||  5056
  Block: Other             |     6 |     8 |    15 |    43 |       |       |       |       |       ||    72
         Reflection        |     1 |     1 |       |     5 |    23 |   116 |       |       |       ||   146
         Buckler           |       |       |       |       |   458 |   125 |       |       |       ||   583
         Kite shield       |       |       |       |       |       |  1104 |  1249 |  2727 |   143 ||  5223

Table legend: (Time is in decaauts)
 A = Elapsed time spent in this place.
 B = Non-inter-level travel time spent in this place.
 C = Inter-level travel time spent in this place.
 D = Time resting spent in this place.
 E = Time spent auto-exploring this place.
 F = Levels seen in this place.
 G = Mean time per level.
                   A        B        C        D        E       F      G
               +--------+--------+--------+--------+--------+-----+--------+
         Total |  90057 |  84175 |   5882 |  29213 |  32241 |  54 | 1667.7 |
       Dungeon |  21121 |  19223 |   1898 |   5586 |   9224 |  15 | 1408.1 |
        Temple |      1 |      1 |      0 |      0 |      0 |   1 |    1.0 |
          Lair |  10364 |   9605 |    759 |   4330 |   3250 |   5 | 2072.8 |
        Shoals |   7753 |   7391 |    362 |   2993 |   2475 |   4 | 1938.2 |
     Snake Pit |   7994 |   7782 |    212 |   2503 |   3780 |   4 | 1998.5 |
  Orcish Mines |   1982 |   1532 |    450 |    366 |    729 |   2 |  991.0 |
   Elven Halls |   6621 |   6272 |    349 |   2490 |   2075 |   3 | 2207.0 |
        Vaults |  12265 |  10872 |   1393 |   3334 |   4705 |   5 | 2453.0 |
         Crypt |   6889 |   6721 |    168 |   2882 |   2355 |   3 | 2296.3 |
        Depths |   8597 |   8310 |    287 |   2154 |   3262 |   4 | 2149.2 |
           Zot |   2500 |   2500 |      0 |    579 |      0 |   5 |  500.0 |
       Ossuary |    526 |    526 |      0 |    317 |      0 |   1 |  526.0 |
        Bailey |   2008 |   2008 |      0 |   1049 |    117 |   1 | 2008.0 |
      Ice Cave |   1430 |   1430 |      0 |    627 |    268 |   1 | 1430.0 |
               +--------+--------+--------+--------+--------+-----+--------+

Top non-repeatable levels by time:
Vaults:4: 3777 daAuts
Depths:2: 3031 daAuts
Vaults:2: 2853 daAuts
 Snake:4: 2830 daAuts
   Elf:2: 2734 daAuts
Shoals:4: 2733 daAuts
  Lair:5: 2560 daAuts
 Snake:3: 2489 daAuts
 Crypt:2: 2431 daAuts
    D:10: 2353 daAuts
 Crypt:1: 2310 daAuts
Depths:4: 2297 daAuts
   Elf:3: 2291 daAuts
Depths:3: 2269 daAuts
  Lair:4: 2189 daAuts
